[Event "46th GRE-chT Premier 2018"]
[Site "Rio Achaia"]
[Date "2018.07.12"]
[Round "4"]
[White "Pasoglou, Ekaterini"]
[Black "Avramidou, Anastasia"]
[Result "1/2-1/2"]
[ECO "A46"]
[WhiteElo "1849"]
[BlackElo "2262"]
[Annotator "NA"]
[PlyCount "98"]
[EventDate "2018.07.10"]
[EventType "team-tourn"]
[EventCountry "GRE"]
[SourceTitle "playchess.com"]
[Source "ChessBase"]
[SourceQuality "1"]
[TimeControl "40/5400+30:1800+30"]

1. d4 Nf6 2. Nf3 e6 3. e3 b6 4. Bd3 Bb7 5. Nbd2 d5 6. O-O Bd6 7. b3 O-O 8. Bb2 Nbd7 9. c4 Qe7 10. Qe2 e5 11. dxe5 Nxe5 12. Nxe5 Bxe5 13. Bxe5 Qxe5 14. Nf3 Qh5 15. Nd4 Qxe2 16. Bxe2 c5 17. Nf5 Rad8 18. Ne7+ Kh8 19. Nxd5 Nxd5 20. cxd5 Bxd5 21. Rfd1 g6 22. Bc4 Be6 23. Kf1 Kg7 24. Ke2 Kf6 25. Rxd8 Rxd8 26. Rd1 Rc8 27. f3 Ke7 28. e4 a6 29. Ke3 Bxc4 30. bxc4 b5 31. f4 Rb8 32. Rd5 bxc4 33. Rxc5 Rb2 34. Rxc4 Rxg2 35. Ra4 Rxh2 36. Rxa6 h5 37. Ra8 Kf6 38. a4 Ra2 39. Kf3 Ra3+ 40. Kf2 h4 41. Kg2 h3+ 42. Kh2 Rf3 43. Re8 Rxf4 44. Kxh3 Rf2 45. e5+ Kg5 46. Re7 Rf4 47. a5 Ra4 48. Rxf7 Rxa5 49. e6 Re5 1/2-1/2

[Event "46th GRE-chT Premier 2018"]
[Site "Rio Achaia"]
[Date "2018.07.12"]
[Round "4"]
[White "Papadopoulos, Zisis"]
[Black "Samaridis, Konstantinos"]
[Result "1/2-1/2"]
[ECO "D37"]
[WhiteElo "1834"]
[BlackElo "2103"]
[Annotator "NA"]
[PlyCount "124"]
[EventDate "2018.07.10"]
[EventType "team-tourn"]
[EventCountry "GRE"]
[SourceTitle "playchess.com"]
[Source "ChessBase"]
[SourceQuality "1"]
[TimeControl "40/5400+30:1800+30"]

1. d4 Nf6 2. c4 e6 3. Nf3 d5 4. Nc3 dxc4 5. e3 a6 6. a4 c5 7. Bxc4 Nc6 8. O-O Be7 9. Qe2 cxd4 10. Rd1 e5 11. exd4 exd4 12. Nxd4 Nxd4 13. Qe5 O-O 14. Qxd4 Qxd4 15. Rxd4 Bc5 16. Rd1 Bg4 17. Re1 Rac8 18. Bf1 Be6 19. Ne4 Nxe4 20. Rxe4 Rfd8 21. Be3 Bd5 22. Re5 Bd6 23. Rh5 g6 24. Rh4 Be7 25. Rd4 Bf6 26. Rd2 Bc6 27. Re2 Rd5 28. Rc1 Rcd8 29. b3 Kg7 30. Ree1 a5 31. Bc4 R5d7 32. Bb6 Ra8 33. Rcd1 Rxd1 34. Rxd1 Bc3 35. Rd8 Rxd8 36. Bxd8 Kf8 37. Bb6 Bb4 38. Kf1 Ke7 39. Be3 Bd7 40. Ke2 Be6 41. Kd3 Kd6 42. Bxe6 fxe6 43. Ke4 e5 44. f3 Ke6 45. Bb6 Kd6 46. Bf2 Bc3 47. Kd3 Bb4 48. Kc4 Kc6 49. Bg3 Bd6 50. Be1 b6 51. h3 Be7 52. Bg3 Bd6 53. Bh4 Bc5 54. Bf6 Bd6 55. Bd8 Bc5 56. Bg5 Bd6 57. Bd2 Be7 58. g4 h5 59. Bc3 Bd6 60. Be1 Bc5 61. Bg3 Bd6 62. Bf2 Bc7 {[%emt 0:00:32] Kd4 Kd5+} 1/2-1/2

[Event "46th GRE-chT Premier 2018"]
[Site "Rio Achaia"]
[Date "2018.07.12"]
[Round "4"]
[White "Sotiropoulos, Anastasios-Theohar"]
[Black "Serpetsidakis, Nikolaos"]
[Result "0-1"]
[ECO "A06"]
[WhiteElo "1834"]
[BlackElo "2087"]
[Annotator "NA"]
[PlyCount "90"]
[EventDate "2018.07.10"]
[EventType "team-tourn"]
[EventCountry "GRE"]
[SourceTitle "playchess.com"]
[Source "ChessBase"]
[SourceQuality "1"]
[TimeControl "40/5400+30:1800+30"]

1. Nf3 d5 2. g3 Bg4 3. Bg2 Nd7 4. h3 Bh5 5. d4 e6 6. O-O Ngf6 7. c4 c6 8. cxd5 exd5 9. Ne5 Nxe5 10. dxe5 Ne4 11. Nd2 Nxd2 12. Bxd2 Bc5 13. Kh2 g5 14. Qc1 Be7 15. e3 g4 16. Qc2 Qd7 17. Bc3 Qe6 18. Qa4 b5 19. Qb3 Bg6 20. a4 Bd3 21. Rfd1 Be2 22. Rdc1 gxh3 23. Qc2 Bg4 24. Bh1 b4 25. Bd4 c5 26. Bxc5 Rc8 27. Qd3 O-O 28. Bxe7 Qxe7 29. Qxd5 Rfd8 30. Qe4 Be6 31. Rxc8 Rxc8 32. Bf3 Kg7 33. Bg4 Rc4 34. Qd3 Rxg4 35. e4 Qc5 36. Qe2 Qxe5 37. f4 Qc7 38. Rg1 Qc4 39. Qf3 Qb3 40. Qe2 h5 41. f5 Bc4 42. f6+ Kg6 43. Qf2 Rxe4 44. Kxh3 Re2 45. Qf4 Be6+ 0-1

[Event "46th GRE-chT Premier 2018"]
[Site "Rio Achaia"]
[Date "2018.07.12"]
[Round "4"]
[White "Malataras, Gerasimos"]
[Black "Symeonidis, Theofilos"]
[Result "1-0"]
[ECO "E46"]
[WhiteElo "1823"]
[BlackElo "1605"]
[Annotator "NA"]
[PlyCount "39"]
[EventDate "2018.07.10"]
[EventType "team-tourn"]
[EventCountry "GRE"]
[SourceTitle "playchess.com"]
[Source "ChessBase"]
[SourceQuality "1"]
[TimeControl "40/5400+30:1800+30"]

1. d4 Nf6 2. c4 e6 3. Nc3 Bb4 4. e3 O-O 5. Nge2 d5 6. a3 Be7 7. cxd5 exd5 8. Nf4 c6 9. Bd3 Nbd7 10. O-O Re8 11. f3 Bf8 12. b4 Nb6 13. Bc2 a5 14. Rb1 axb4 15. axb4 Nc4 16. Qd3 Na3 17. Bxa3 Rxa3 18. Nh5 g6 19. Nxf6+ Qxf6 20. Nxd5 1-0

[Event "46th GRE-chT Premier 2018"]
[Site "Rio Achaia"]
[Date "2018.07.12"]
[Round "4"]
[White "Kafetzi, Angeliki"]
[Black "Grammatikaki, Aggeliki"]
[Result "1-0"]
[ECO "A46"]
[WhiteElo "1815"]
[BlackElo "1679"]
[Annotator "NA"]
[PlyCount "73"]
[EventDate "2018.07.10"]
[EventType "team-tourn"]
[EventCountry "GRE"]
[SourceTitle "playchess.com"]
[Source "ChessBase"]
[SourceQuality "1"]
[TimeControl "40/5400+30:1800+30"]

1. d4 Nf6 2. Nf3 e6 3. Bg5 d5 4. e3 b6 5. Bd3 Bb7 6. Nbd2 Be7 7. O-O O-O 8. Ne5 Nbd7 9. f4 Ne4 10. Bxe7 Qxe7 11. Nxd7 Qxd7 12. Nf3 c5 13. dxc5 Nxc5 14. Ne5 Qe8 15. Be2 f6 16. Nd3 Ne4 17. Bf3 Rc8 18. c3 Ba6 19. Re1 Rf7 20. Nb4 Bb7 21. Bxe4 dxe4 22. a4 Rd7 23. Qe2 Rcd8 24. Red1 a5 25. Rxd7 Qxd7 26. Nc2 Qd2 27. Qxd2 Rxd2 28. Rc1 Ba6 29. b3 Bd3 30. Nd4 Kf7 31. c4 Rb2 32. c5 bxc5 33. Rxc5 Rb1+ 34. Kf2 Rf1+ 35. Kg3 Re1 36. Kf2 Rf1+ 37. Kg3 1-0

[Event "46th GRE-chT Premier 2018"]
[Site "Rio Achaia"]
[Date "2018.07.12"]
[Round "4"]
[White "Georgitsi, Antigoni"]
[Black "Daniilidi, Dimitra Lydia"]
[Result "1-0"]
[ECO "A36"]
[WhiteElo "1811"]
[BlackElo "1174"]
[Annotator "NA"]
[PlyCount "103"]
[EventDate "2018.07.10"]
[EventType "team-tourn"]
[EventCountry "GRE"]
[SourceTitle "playchess.com"]
[Source "ChessBase"]
[SourceQuality "1"]
[TimeControl "40/5400+30:1800+30"]

1. c4 c5 2. Nc3 Nc6 3. g3 g6 4. Bg2 Bg7 5. d3 d6 6. e4 Nf6 7. Nge2 O-O 8. O-O Ne8 9. Be3 Nd4 10. Qd2 Nc7 11. f4 Bg4 12. h3 Nxe2+ 13. Nxe2 Bxe2 14. Qxe2 Ne6 15. f5 Nd4 16. Qd2 Qd7 17. h4 h5 18. Bh6 Kh7 19. Bxg7 Kxg7 20. Qg5 Kh7 21. Rf2 Rg8 22. Bh3 Qe8 23. fxg6+ fxg6 24. Raf1 Rg7 25. Qd5 Nc6 26. Be6 Ne5 27. Qxb7 Nxd3 28. Rf7 Ne5 29. Rxg7+ Kxg7 30. Qd5 Rb8 31. b3 Rb6 32. Qd2 Qc6 33. Qg5 Qc7 34. g4 hxg4 35. h5 Qd8 36. Bxg4 Nxg4 37. Qxg6+ Kh8 38. Qxg4 Qg8 39. Rf4 Qxg4+ 40. Rxg4 Rb8 41. Kf2 Kh7 42. e5 Rf8+ 43. Ke3 Rd8 44. exd6 exd6 45. Ke4 Kh6 46. Kd5 Kxh5 47. Rg7 a5 48. Ra7 Kg6 49. Ke6 Kg5 50. Ke7 Rh8 51. Kxd6 Rc8 52. Rxa5 1-0

[Event "46th GRE-chT Premier 2018"]
[Site "Rio Achaia"]
[Date "2018.07.12"]
[Round "4"]
[White "Liapi Zenebisi, Irini"]
[Black "Nikolaidou, Maria"]
[Result "1-0"]
[ECO "B01"]
[WhiteElo "1788"]
[BlackElo "1239"]
[Annotator "NA"]
[PlyCount "45"]
[EventDate "2018.07.10"]
[EventType "team-tourn"]
[EventCountry "GRE"]
[SourceTitle "playchess.com"]
[Source "ChessBase"]
[SourceQuality "1"]
[TimeControl "40/5400+30:1800+30"]

1. e4 d5 2. exd5 Qxd5 3. Nc3 Qd8 4. d4 Nf6 5. Nf3 c6 6. h3 e6 7. Bd2 Bd6 8. Bc4 O-O 9. g4 Nbd7 10. Qe2 e5 11. dxe5 Nxe5 12. Nxe5 Bxe5 13. O-O-O Qd4 14. Be3 Bxg4 15. Bxd4 Bf4+ 16. Kb1 Bxe2 17. Nxe2 Bg5 18. h4 Bh6 19. Ng3 Bf4 20. Nf5 Nh5 21. Rhg1 Rad8 22. Nxg7 Rxd4 23. Nxh5+ 1-0

[Event "46th GRE-chT Premier 2018"]
[Site "Rio Achaia"]
[Date "2018.07.12"]
[Round "4"]
[White "Mihailidou, Magdalini"]
[Black "Kaliontzaki, Argyro Evanthia"]
[Result "1-0"]
[ECO "B27"]
[WhiteElo "1762"]
[BlackElo "1346"]
[Annotator "NA"]
[PlyCount "75"]
[EventDate "2018.07.10"]
[EventType "team-tourn"]
[EventCountry "GRE"]
[SourceTitle "playchess.com"]
[Source "ChessBase"]
[SourceQuality "1"]
[TimeControl "40/5400+30:1800+30"]

1. e4 c5 2. Nf3 g6 3. d4 cxd4 4. Qxd4 Nf6 5. e5 Nc6 6. Qa4 Nd5 7. Qe4 Nb6 8. Nc3 Bg7 9. Bf4 O-O 10. O-O-O d5 11. exd6 Bf5 12. dxe7 Qxe7 13. Qxe7 Nxe7 14. Bd6 Rfe8 15. Bb5 Nc6 16. Bc7 Bxc3 17. bxc3 Re7 18. Bf4 Rc8 19. h3 Nb4 20. Bd6 Re6 21. Bxb4 a6 22. Bd3 Bxd3 23. Rxd3 Nc4 24. Re1 Rce8 25. Rxe6 Rxe6 26. Rd8+ Kg7 27. Bf8+ Kf6 28. Bh6 Ke7 29. Rd4 b5 30. Rd1 f6 31. Nd4 Rd6 32. Bf4 Ne5 33. Re1 Rd5 34. Bxe5 fxe5 35. f4 Kd6 36. fxe5+ Rxe5 37. Rxe5 Kxe5 38. g3 1-0

[Event "46th GRE-chT Premier 2018"]
[Site "Rio Achaia"]
[Date "2018.07.12"]
[Round "4"]
[White "Kalyva, Kyriaki"]
[Black "Kratimenou, Georgia"]
[Result "1-0"]
[ECO "E35"]
[WhiteElo "1734"]
[BlackElo "1436"]
[Annotator "NA"]
[PlyCount "83"]
[EventDate "2018.07.10"]
[EventType "team-tourn"]
[EventCountry "GRE"]
[SourceTitle "playchess.com"]
[Source "ChessBase"]
[SourceQuality "1"]
[TimeControl "40/5400+30:1800+30"]

1. d4 d5 2. c4 e6 3. Nc3 Bb4 4. cxd5 exd5 5. Qc2 Nf6 6. Bg5 h6 7. Bh4 Nc6 8. e3 Bxc3+ 9. bxc3 O-O 10. Bd3 Re8 11. Nf3 Qd6 12. Nd2 Qe6 13. O-O Ne7 14. Rae1 Nf5 15. Bxf6 Qxf6 16. e4 dxe4 17. Nxe4 Qd8 18. Re2 b6 19. Rfe1 Be6 20. h3 Nd6 21. c4 Qd7 22. Nxd6 Qxd6 23. Be4 Rad8 24. d5 Bd7 25. Re3 a5 26. Rd1 Qc5 27. Rg3 Qb4 28. a3 Qa4 29. Qd3 b5 30. Qd4 g5 31. Rc1 c5 32. Qd3 bxc4 33. Rxc4 Qb5 34. f4 f6 35. Bh7+ Kf8 36. Qg6 Re1+ 37. Kh2 Ke7 38. Qg7+ Kd6 39. Qxf6+ Kc7 40. Rgc3 Qb6 41. Rxc5+ Kb7 42. Rc7+ 1-0

[Event "46th GRE-chT Premier 2018"]
[Site "Rio Achaia"]
[Date "2018.07.12"]
[Round "4"]
[White "Petraki, Argiro"]
[Black "Tounta, Nefeli"]
[Result "1-0"]
[ECO "B48"]
[WhiteElo "1729"]
[BlackElo "1344"]
[Annotator "NA"]
[PlyCount "77"]
[EventDate "2018.07.10"]
[EventType "team-tourn"]
[EventCountry "GRE"]
[SourceTitle "playchess.com"]
[Source "ChessBase"]
[SourceQuality "1"]
[TimeControl "40/5400+30:1800+30"]

1. e4 c5 2. Nf3 e6 3. d4 cxd4 4. Nxd4 Nc6 5. Nc3 Qc7 6. Be3 a6 7. Qd2 Nf6 8. f3 b5 9. O-O-O Nxd4 10. Bxd4 e5 11. Be3 Bb7 12. g4 Rc8 13. g5 b4 14. Na4 Nxe4 15. fxe4 Bxe4 16. Bd3 Bxh1 17. Rxh1 Qc6 18. Rd1 Qxa4 19. Bf5 Rc7 20. Bb6 Rb7 21. Qd5 Qc6 22. Qxe5+ Be7 23. Bxd7+ Qxd7 24. Rxd7 Rxd7 25. Qxg7 Rf8 26. Qe5 f6 27. Qb8+ Kf7 28. Qf4 Kg7 29. gxf6+ Rxf6 30. Qg4+ Kf7 31. Qxd7 Rxb6 32. Qd5+ Kf8 33. c4 bxc3 34. bxc3 Ba3+ 35. Kc2 Rb2+ 36. Kd3 Rxh2 37. Qf5+ Kg8 38. Qg5+ Kf7 39. Qf4+ 1-0

[Event "46th GRE-chT Premier 2018"]
[Site "Rio Achaia"]
[Date "2018.07.12"]
[Round "4"]
[White "Bastianou, Chrysoula"]
[Black "Pasoglou, Nikoleta"]
[Result "1-0"]
[ECO "E46"]
[WhiteElo "1710"]
[BlackElo "1354"]
[Annotator "NA"]
[PlyCount "83"]
[EventDate "2018.07.10"]
[EventType "team-tourn"]
[EventCountry "GRE"]
[SourceTitle "playchess.com"]
[Source "ChessBase"]
[SourceQuality "1"]
[TimeControl "40/5400+30:1800+30"]

1. d4 Nf6 2. c4 e6 3. Nc3 Bb4 4. e3 O-O 5. Nge2 Re8 6. a3 Bf8 7. Ng3 c5 8. dxc5 Bxc5 9. b4 Be7 10. Be2 d6 11. O-O Nbd7 12. Bb2 Nb6 13. Qb3 e5 14. Nd5 Nbxd5 15. cxd5 Bd7 16. a4 a5 17. b5 b6 18. Rfd1 Qc7 19. Rac1 Qb7 20. Bc4 Rac8 21. Nf1 Ne4 22. Nd2 Nc5 23. Qa2 Bf5 24. Nf1 Bg6 25. Ng3 Qd7 26. h3 Bh4 27. Be2 Bxg3 28. fxg3 Ne4 29. Kh2 Qe7 30. Bf3 Qg5 31. Bxe4 Bxe4 32. Ba3 Qxe3 33. Rc6 Red8 34. Rdc1 Rxc6 35. bxc6 Bxd5 36. Qxd5 Qxa3 37. c7 Rc8 38. Qb7 h6 39. Qxc8+ Kh7 40. Qf5+ g6 41. Qxf7+ Kh8 42. c8=Q# 1-0

[Event "46th GRE-chT Premier 2018"]
[Site "Rio Achaia"]
[Date "2018.07.12"]
[Round "4"]
[White "Spyratos, Nikolaos"]
[Black "Magklaras, Panagiotis"]
[Result "1-0"]
[ECO "B36"]
[WhiteElo "1710"]
[BlackElo "1131"]
[Annotator "NA"]
[PlyCount "87"]
[EventDate "2018.07.10"]
[EventType "team-tourn"]
[EventCountry "GRE"]
[SourceTitle "playchess.com"]
[Source "ChessBase"]
[SourceQuality "1"]
[TimeControl "40/5400+30:1800+30"]

1. e4 c5 2. Nf3 g6 3. d4 cxd4 4. Nxd4 Nc6 5. c4 Nf6 6. Nc3 Nxd4 7. Qxd4 d6 8. Be2 Bg7 9. Bg5 O-O 10. Qd2 a5 11. Rc1 a4 12. f3 Be6 13. O-O a3 14. b3 Qa5 15. Rfd1 Rfc8 16. Na4 Rc7 17. Qxa5 Rxa5 18. Bd2 Ra7 19. Bb4 Nh5 20. Nc3 Rc8 21. Nb5 Raa8 22. Rc2 Bb2 23. Bc3 Bxc3 24. Nxc3 Nf6 25. f4 Kf8 26. Na4 Rc6 27. Bd3 Rac8 28. Nc3 Ne8 29. Nb5 Ra8 30. h3 h5 31. Nd4 Rcc8 32. Rf2 Ng7 33. f5 gxf5 34. exf5 Bd7 35. f6 Ne6 36. fxe7+ Kxe7 37. Nf5+ Kf8 38. Nxd6 Rc7 39. Rxf7+ Kg8 40. Bh7+ Kh8 41. Bf5 Nf8 42. Bxd7 Rxd7 43. Rxd7 Nxd7 44. Nf7+ 1-0

[Event "46th GRE-chT Premier 2018"]
[Site "Rio Achaia"]
[Date "2018.07.12"]
[Round "4"]
[White "Stefanou, Konstantinos"]
[Black "Ximinis, Ioannis"]
[Result "1-0"]
[ECO "A16"]
[WhiteElo "1677"]
[BlackElo "1272"]
[Annotator "NA"]
[PlyCount "109"]
[EventDate "2018.07.10"]
[EventType "team-tourn"]
[EventCountry "GRE"]
[SourceTitle "playchess.com"]
[Source "ChessBase"]
[SourceQuality "1"]
[TimeControl "40/5400+30:1800+30"]

1. c4 Nf6 2. Nc3 g6 3. e4 d6 4. d4 Bg7 5. Bd3 O-O 6. Nge2 Nbd7 7. O-O e5 8. d5 Nc5 9. Bc2 a5 10. f3 Ne8 11. Be3 f5 12. exf5 gxf5 13. a3 Nd7 14. Qd2 Ndf6 15. Bg5 Bd7 16. Ng3 Qc8 17. Qd3 f4 18. Nh5 Rf7 19. Nxf6+ Nxf6 20. Bxf6 Bxf6 21. Ne4 Bf5 22. Qe2 Qd7 23. b4 b6 24. Bd3 Raf8 25. Rfc1 Bxe4 26. Bxe4 Rc8 27. c5 Be7 28. c6 Qd8 29. bxa5 bxa5 30. Rab1 Rb8 31. Qd2 a4 32. Qc2 Rxb1 33. Rxb1 Qa8 34. Rb7 Qa5 35. Rb4 Qa7+ 36. Qf2 Qa8 37. Bc2 Qa5 38. Bxa4 Qxd5 39. Qc2 Qa5 40. g3 d5 41. Rb5 Qe1+ 42. Kg2 fxg3 43. hxg3 Qe3 44. Rb3 Qh6 45. Qd3 Qd6 46. Rb8+ Kg7 47. Bb3 Qxa3 48. Qxd5 Qb2+ 49. Kh3 Rf6 50. Rg8+ Kh6 51. Qe4 Rg6 52. Rxg6+ hxg6 53. Bf7 Kg7 54. Qxg6+ Kf8 55. Qg8# 1-0

[Event "46th GRE-chT Premier 2018"]
[Site "Rio Achaia"]
[Date "2018.07.12"]
[Round "4"]
[White "Prokopiou, Ioannis"]
[Black "Klampatseas, Christos"]
[Result "0-1"]
[ECO "B13"]
[WhiteElo "1674"]
[BlackElo "1440"]
[Annotator "NA"]
[PlyCount "136"]
[EventDate "2018.07.10"]
[EventType "team-tourn"]
[EventCountry "GRE"]
[SourceTitle "playchess.com"]
[Source "ChessBase"]
[SourceQuality "1"]
[TimeControl "40/5400+30:1800+30"]

1. e4 c6 2. d4 d5 3. exd5 cxd5 4. Bd3 Nc6 5. c3 Qc7 6. h3 e5 7. dxe5 Nxe5 8. Nf3 Nxd3+ 9. Qxd3 Nf6 10. O-O Be7 11. Bg5 Be6 12. Nbd2 O-O 13. Rfe1 Rad8 14. Nd4 Qb6 15. Qb5 Qxb5 16. Nxb5 Bc5 17. Bxf6 gxf6 18. Nb3 Bb6 19. N5d4 Rfe8 20. Re3 Bd7 21. Rae1 Rxe3 22. Rxe3 Re8 23. Rxe8+ Bxe8 24. Nf5 Kf8 25. Nbd4 Bxd4 26. Nxd4 Bd7 27. Kf1 Ke7 28. Ke2 Kd6 29. Ke3 a6 30. Nb3 b6 31. Kd4 Bb5 32. Nd2 Bd7 33. Nf1 Bf5 34. Ne3 Be6 35. Ng4 Bxg4 36. hxg4 Ke6 37. a4 Kd6 38. b4 h6 39. g3 Ke6 40. f3 Kd6 41. b5 a5 42. c4 dxc4 43. Kxc4 Ke5 44. Kd3 Kd5 45. f4 Kc5 46. Kc3 Kd5 47. Kd3 Kc5 48. Ke4 Kb4 49. Kf5 Kxa4 50. Kxf6 Kxb5 51. Kxf7 a4 52. Kg6 a3 53. Kxh6 a2 54. f5 a1=Q 55. g5 Qh8+ 56. Kg6 Kc4 57. Kf7 b5 58. g6 b4 59. g7 Qh7 60. f6 b3 61. Kf8 b2 62. g8=Q+ Qxg8+ 63. Kxg8 b1=Q 64. f7 Qg6+ 65. Kf8 Kd5 66. Ke7 Qg7 67. Ke8 Ke6 68. f8=N+ Kd6 0-1

[Event "46th GRE-chT Premier 2018"]
[Site "Rio Achaia"]
[Date "2018.07.12"]
[Round "4"]
[White "Paraskevas, Georgios"]
[Black "Spyropoulos, Nikolaos"]
[Result "0-1"]
[ECO "B03"]
[WhiteElo "1634"]
[BlackElo "2293"]
[Annotator "NA"]
[PlyCount "90"]
[EventDate "2018.07.10"]
[EventType "team-tourn"]
[EventCountry "GRE"]
[SourceTitle "playchess.com"]
[Source "ChessBase"]
[SourceQuality "1"]
[TimeControl "40/5400+30:1800+30"]

1. e4 Nf6 2. e5 Nd5 3. c4 Nb6 4. d4 d6 5. f4 g6 6. Nc3 Bg7 7. Be2 Be6 8. b3 dxe5 9. fxe5 c5 10. Bf4 cxd4 11. Nb5 Nc6 12. Nf3 Nd7 13. Nbxd4 Ndxe5 14. Nxe6 Nxf3+ 15. Bxf3 fxe6 16. Qxd8+ Rxd8 17. Rd1 O-O 18. Rxd8 Rxd8 19. Kf2 Bd4+ 20. Kg3 Bc5 21. Rd1 Rxd1 22. Bxd1 Nb4 23. Bg4 Kf7 24. Bf3 b6 25. a4 Bd6 26. Kg4 Nd3 27. Bg3 Bxg3 28. Kxg3 Kf6 29. Bd1 Ke5 30. Kf3 Kd4 31. Be2 e5 32. Bd1 e4+ 33. Ke2 Nf4+ 34. Kf1 Ke3 35. g3 Nd3 36. Bg4 a5 37. h4 Nc5 38. Ke1 Nxb3 39. h5 gxh5 40. Bxh5 Nc5 41. Be8 Nd3+ 42. Kf1 Kd2 43. Bh5 e3 44. Be2 Nc1 45. c5 bxc5 0-1

[Event "46th GRE-chT Premier 2018"]
[Site "Rio Achaia"]
[Date "2018.07.12"]
[Round "4"]
[White "Grafakou, Sotiria-Aphrodite"]
[Black "Kokkota, Fotini"]
[Result "0-1"]
[ECO "D37"]
[WhiteElo "1617"]
[BlackElo "1615"]
[Annotator "NA"]
[PlyCount "54"]
[EventDate "2018.07.10"]
[EventType "team-tourn"]
[EventCountry "GRE"]
[SourceTitle "playchess.com"]
[Source "ChessBase"]
[SourceQuality "1"]
[TimeControl "40/5400+30:1800+30"]

1. d4 d5 2. c4 e6 3. Nc3 Nf6 4. Nf3 Be7 5. e3 O-O 6. Bd3 dxc4 7. Bxc4 a6 8. O-O b5 9. Bd3 c5 10. dxc5 Bxc5 11. b3 Bb7 12. Bb2 Nbd7 13. Rc1 Qb6 14. Ng5 Bxe3 15. Nce4 Nxe4 16. Bxe4 Bxg5 17. Bd4 Qd6 18. Bxb7 Bxc1 19. Bxa8 Rxa8 20. Qxc1 Qxd4 21. Rd1 Qa7 22. Qc6 Nf8 23. h3 h6 24. Rd2 Rb8 25. Rd1 Qb6 26. Qe4 Qc5 27. Qd3 Ng6 0-1

[Event "46th GRE-chT Premier 2018"]
[Site "Rio Achaia"]
[Date "2018.07.12"]
[Round "4"]
[White "Chatziioannidi, Filippa"]
[Black "Kouta, Antonia"]
[Result "1/2-1/2"]
[ECO "B90"]
[WhiteElo "1592"]
[BlackElo "1703"]
[Annotator "NA"]
[PlyCount "103"]
[EventDate "2018.07.10"]
[EventType "team-tourn"]
[EventCountry "GRE"]
[SourceTitle "playchess.com"]
[Source "ChessBase"]
[SourceQuality "1"]
[TimeControl "40/5400+30:1800+30"]

1. e4 c5 2. Nf3 d6 3. d4 cxd4 4. Nxd4 Nf6 5. Nc3 a6 6. Be3 b5 7. f3 Bb7 8. Qd2 e6 9. g4 h6 10. h4 Nbd7 11. O-O-O b4 12. Nce2 Qc7 13. Kb1 Ne5 14. Qxb4 Ned7 15. Qc3 Rc8 16. Qxc7 Rxc7 17. Nc3 d5 18. exd5 Nxd5 19. Nxd5 Bxd5 20. Bxa6 Bxa2+ 21. Kxa2 Ra7 22. b3 Rxa6+ 23. Kb2 Ba3+ 24. Kc3 O-O 25. Kd2 Bb4+ 26. Ke2 Ra2 27. Bd2 Bc5 28. c3 Rfa8 29. Rb1 Bb6 30. b4 Ne5 31. Nb3 Nc4 32. Ra1 Kf8 33. Kd3 Ne5+ 34. Ke4 Nc4 35. Bf4 R8a3 36. Rxa2 Rxa2 37. Nc5 Ke7 38. Rd1 Ra7 39. Rd4 Nb2 40. Bd6+ Ke8 41. Bg3 Ra1 42. Rd2 Nc4 43. Rc2 Na3 44. Re2 Nb5 45. c4 Nc3+ 46. Kd3 Nxe2 47. Kxe2 Ra3 48. Nd3 f6 49. c5 Ba7 50. Bc7 Kd7 51. Bd6 g6 52. Kd2 1/2-1/2

[Event "46th GRE-chT Premier 2018"]
[Site "Rio Achaia"]
[Date "2018.07.12"]
[Round "4"]
[White "Serpetsidaki, Eva"]
[Black "Mastrakouli, Evagelia"]
[Result "0-1"]
[ECO "B26"]
[WhiteElo "1591"]
[BlackElo "1779"]
[Annotator "NA"]
[PlyCount "88"]
[EventDate "2018.07.10"]
[EventType "team-tourn"]
[EventCountry "GRE"]
[SourceTitle "playchess.com"]
[Source "ChessBase"]
[SourceQuality "1"]
[TimeControl "40/5400+30:1800+30"]

1. e4 c5 2. Nc3 Nc6 3. g3 g6 4. Bg2 Bg7 5. d3 d6 6. Be3 Nf6 7. h3 Qa5 8. Nge2 Rb8 9. O-O b5 10. Qd2 O-O 11. f4 Bb7 12. g4 e6 13. f5 b4 14. Nd1 Nd7 15. Bh6 Qd8 16. Bxg7 Kxg7 17. Ng3 Qh4 18. Qf4 e5 19. Qf2 Qg5 20. Ne3 Kh8 21. f6 Rbe8 22. Ne2 Re6 23. Nd5 Nd4 24. Nxd4 exd4 25. Qg3 Bxd5 26. exd5 Rxf6 27. Rxf6 Qxf6 28. a3 a5 29. axb4 axb4 30. Ra6 Ne5 31. Qf2 Qxf2+ 32. Kxf2 b3 33. cxb3 Nxd3+ 34. Ke2 Nf4+ 35. Kf2 Rd8 36. Be4 Nxh3+ 37. Kg3 Ng5 38. Bd3 Kg7 39. Kf4 h6 40. Bc4 Kf6 41. Bd3 Nh7 42. Bc4 Nf8 43. Bd3 g5+ 44. Ke4 Re8+ 0-1

[Event "46th GRE-chT Premier 2018"]
[Site "Rio Achaia"]
[Date "2018.07.12"]
[Round "4"]
[White "Galanakis, Nikolaos"]
[Black "Sourgkounis, Angelos"]
[Result "0-1"]
[ECO "B03"]
[WhiteElo "1579"]
[BlackElo "1976"]
[Annotator "NA"]
[PlyCount "147"]
[EventDate "2018.07.10"]
[EventType "team-tourn"]
[EventCountry "GRE"]
[SourceTitle "playchess.com"]
[Source "ChessBase"]
[SourceQuality "1"]
[TimeControl "40/5400+30:1800+30"]

1. e4 Nf6 2. e5 Nd5 3. d4 d6 4. c4 Nb6 5. exd6 cxd6 6. Bd3 g6 7. Nc3 Bg7 8. Nge2 O-O 9. O-O Nc6 10. Be3 Nb4 11. b3 Nxd3 12. Qxd3 Nd7 13. Rac1 Nf6 14. f3 Bf5 15. Qd2 Re8 16. Ng3 Bc8 17. Rfd1 a6 18. b4 d5 19. c5 h5 20. a4 h4 21. Nge2 Nh5 22. Nf4 Nxf4 23. Bxf4 Bf5 24. b5 Qd7 25. Qb2 f6 26. Qb3 Be6 27. Na2 axb5 28. axb5 g5 29. Be3 Rec8 30. Nb4 Qxb5 31. Bd2 Bf7 32. Qe3 Qd7 33. Re1 Re8 34. c6 bxc6 35. Nxc6 e6 36. Rc3 Bf8 37. Rec1 Bd6 38. Ne5 Qe7 39. Nxf7 Qxf7 40. Rc6 Qd7 41. Qd3 Kg7 42. Qb5 Re7 43. Qb3 Ra7 44. Qb6 Rb7 45. Qa6 Bb8 46. Re1 Ba7 47. Bc3 Kf7 48. Rd6 Qc8 49. Rc6 Qd7 50. Rd6 Qb5 51. Qa2 Qb3 52. Qd2 Qa3 53. Rc6 Qa4 54. Rc8 Rbc7 55. Rxc7 Rxc7 56. Qe3 e5 57. Ra1 Qb3 58. Rxa7 Rxa7 59. dxe5 Ra1+ 60. Kf2 Ra2+ 61. Kf1 Ra1+ 62. Kf2 Qc2+ 63. Bd2 Ra2 64. Ke2 Qc4+ 65. Qd3 Qxd3+ 66. Kxd3 fxe5 67. Bxg5 Rxg2 68. Bxh4 Rxh2 69. Bg3 Rh5 70. Ke3 Ke6 71. Bf2 Kf5 72. Bg3 Rh3 73. Bf2 e4 74. Kd4 {Ke5+} 0-1

[Event "46th GRE-chT Premier 2018"]
[Site "Rio Achaia"]
[Date "2018.07.12"]
[Round "4"]
[White "Laspas, Antonios"]
[Black "Rousos, Stamatios"]
[Result "1/2-1/2"]
[ECO "E01"]
[WhiteElo "1566"]
[BlackElo "1700"]
[Annotator "NA"]
[PlyCount "134"]
[EventDate "2018.07.10"]
[EventType "team-tourn"]
[EventCountry "GRE"]
[SourceTitle "playchess.com"]
[Source "ChessBase"]
[SourceQuality "1"]
[TimeControl "40/5400+30:1800+30"]

1. d4 Nf6 2. c4 e6 3. g3 d5 4. Bg2 Bb4+ 5. Bd2 Bd6 6. Nc3 c6 7. Qc2 O-O 8. Nf3 Nbd7 9. O-O b6 10. Rfd1 Bb7 11. e4 dxe4 12. Nxe4 Nxe4 13. Qxe4 Nf6 14. Qe2 Qe7 15. Ne5 c5 16. Bxb7 Qxb7 17. Bf4 cxd4 18. Rxd4 Bc5 19. Rd3 Qe4 20. Qxe4 Nxe4 21. Be3 f6 22. Nd7 Rfd8 23. Rad1 Be7 24. b4 Nd6 25. c5 Rxd7 26. cxd6 Bf8 27. a4 Rad8 28. a5 Rxd6 29. Rxd6 Rxd6 30. Rxd6 Bxd6 31. axb6 axb6 32. Bxb6 Bxb4 33. g4 Kf7 34. Kg2 f5 35. gxf5 exf5 36. Kg3 Bd6+ 37. Kg2 Kf6 38. h3 Ke5 39. f3 Kd5 40. Bf2 Bc5 41. Bh4 Be3 42. Be7 Kd4 43. Bd6 Kd3 44. Be7 Ke2 45. Bd8 g5 46. Bc7 Bf2 47. Bd6 f4 48. Be7 Bh4 49. Bc5 Be1 50. Be7 h6 51. Bd8 Bc3 52. Be7 Bg7 53. Bd8 Ke3 54. Be7 Kd4 55. h4 g4 56. fxg4 Ke3 57. Kf1 Kf3 58. g5 h5 59. Bf6 Bf8 60. g6 Kg3 61. g7 Bxg7 62. Bxg7 Kxh4 63. Bd4 Kg3 64. Kg1 h4 65. Be5 h3 66. Bxf4+ Kxf4 67. Kh2 Kg4 1/2-1/2